 Dungeon Sprint DCSS version 0.24-a0-217-g1152973 (webtiles) character file.

Game seed: 15868034992550166569

7 TheOrbIsALie the Ruffian (level 2, -2/16 HPs)
             Began as a Gargoyle Transmuter on Mar 29, 2019.
             Was an Initiate of Okawaru.
             Slain by a warg (16 damage)
             ... in the Dungeon (Sprint VII: "The Pits").
             The game lasted 00:00:33 (183 turns).

TheOrbIsALie the Ruffian (Gargoyle Transmuter)       Turns: 183, Time: 00:00:34

Health: -2/16      AC:  4    Str: 13    XL:     2   Next: 0%
Magic:  3/5        EV: 12    Int: 13    God:    Okawaru [......]
Gold:   0          SH:  0    Dex: 10    Spells: 4/5 levels left

rFire    . . .     SeeInvis .     - Unarmed
rCold    . . .     Gourm    .   (no shield)
rNeg     + . .     Faith    .   b - +0 robe
rPois    ∞         Spirit   .   (no helmet)
rElec    +         Reflect  .   (no cloak)
rCorr    .         Harm     .   (no gloves)
MR       .....     NoTele   +   (no boots)
Stlth    +.........             (no amulet)
HPRegen  0.05/turn              (no ring)
MPRegen  0.09/turn              (no ring)

@: appendage (expiring)
A: horns 2, negative energy resistance 1, electricity resistance, unbreathing,
petrification resistance, rot immunity, AC +2
a: End Transformation, Renounce Religion


You were in the Dungeon.
You worshipped Okawaru.
Okawaru was noncommittal.
You were not hungry.
You had grown temporary horns.
You visited 1 branch

Inventory:

Missiles
 a - 12 arrows
Armour
 b - a +0 robe (worn)
Scrolls
 j - a scroll of blinking
 l - 3 scrolls of remove curse
 m - 5 scrolls of amnesia
 n - a scroll of summoning
Potions
 e - a potion of curing
 f - a potion of heal wounds
 g - a potion of haste
 h - 4 potions of magic
 i - 3 potions of berserk rage
 k - 2 potions of invisibility
Comestibles
 c - 4 chunks of flesh
 d - 9 rations


   Skills:
 + Level 1.1 Fighting
 + Level 1.9 Dodging
 + Level 4.1 Unarmed Combat
 + Level 2.4 Spellcasting
 + Level 1.9 Transmutations


You had 4 spell levels left.
You knew the following spells:

 Your Spells              Type           Power        Failure   Level  Hunger
a - Beastly Appendage     Tmut           #.....       11%         1    #......

Your spell library contained the following spells:

 Spells                   Type           Power        Failure   Level  Hunger
 Sticks to Snakes         Tmut           #.......     17%         2    ###....
 Spider Form              Tmut/Pois      #.........   45%         3    ###....
 Ice Form                 Ice/Tmut       #.......     86%         4    #####..
 Blade Hands              Tmut           #.........   97%         5    ######.


Dungeon Overview and Level Annotations

Branches:
Dungeon (1/1)

Altars:
Ashenzari
Cheibriados
Dithmenos
Elyvilon
Fedhas
Gozag
Hepliaklqana
Kikubaaqudgha
Makhleb
Nemelex Xobeh
Okawaru
Qazlal
Ru
Sif Muna
Trog
Uskayaw
Vehumet
Wu Jian
Xom
Yredelemnul
Zin
The Shining One
Beogh
Jiyva
Lugonu


Innate Abilities, Weirdness & Mutations

You are resistant to torment.
Your stone body is resilient. (AC +2)
You are immune to poison.
You resist negative energy. (rN+)
You are resistant to electric shocks. (rElec)
You can survive without breathing.
You are immune to petrification.
You are immune to rotting.
You have a pair of horns on your head.


Message History

The leopard gecko skeleton is moderately damaged.
The leopard gecko skeleton misses you.
You hit the leopard gecko skeleton but do no damage.
Your headbutt misses the leopard gecko skeleton.
The leopard gecko skeleton is moderately damaged.
The leopard gecko skeleton barely misses you.
You closely miss the leopard gecko skeleton.
The leopard gecko skeleton is moderately damaged.
The leopard gecko skeleton barely misses you.
You punch the leopard gecko skeleton!
You destroy the leopard gecko skeleton!
Okawaru accepts your kill.
You have reached level 2!
The warg bites you.
You hit the warg. Your headbutt misses the warg.
The warg is lightly wounded.
Your transformation is almost over.
The warg bites you!
Ouch! That really hurt!
You die...

#_______...###########
##########'##.........
#.?(.')))'.##......#..
##########.##.........
#..........÷'.........
+#####'#####......#..
#...#.# #.........
#...#.# ####'#####
#..@'.# #.......#
##h#### #.......# #.S.
#.......# #....
#...<...# #....S
#.......# #.....h
#.......# ########
#.......# #########


You could see a warg and an adder.

Vanquished Creatures
  An orc (D)
  A bat skeleton (D)
  A hobgoblin (D)
  A bat (D)
  A frilled lizard (D)
  A leopard gecko skeleton (D)
6 creatures vanquished.

Notes
Turn   | Place    | Note
-------+----------+-------------------------------------------
     0 | D        | TheOrbIsALie the Gargoyle Transmuter began the quest for
                  | the Orb.
     0 | D        | Reached XP level 1. HP: 12/12 MP: 3/3
    45 | D        | Found a bloodstained altar of Trog.
    45 | D        | Found a deep blue altar of Sif Muna.
    45 | D        | Found a viscous altar of Jiyva.
    45 | D        | Found a hazy altar of Hepliaklqana.
    45 | D        | Found an opulent altar of Gozag.
    46 | D        | Found a glowing golden altar of the Shining One.
    46 | D        | Found a glowing silver altar of Zin.
    46 | D        | Found a basalt altar of Yredelemnul.
    46 | D        | Found a shimmering altar of Xom.
    46 | D        | Found an ornate altar of the Wu Jian Council.
    46 | D        | Found a sacrificial altar of Ru.
    46 | D        | Found a stormy altar of Qazlal.
    46 | D        | Found an iron altar of Okawaru.
    46 | D        | Found a sparkling altar of Nemelex Xobeh.
    46 | D        | Found a burning altar of Makhleb.
    46 | D        | Found a blossoming altar of Fedhas.
    46 | D        | Found a white marble altar of Elyvilon.
    46 | D        | Found a shadowy altar of Dithmenos.
    46 | D        | Found a snail-covered altar of Cheibriados.
    49 | D        | Found a corrupted altar of Lugonu.
    49 | D        | Found a radiant altar of Vehumet.
    49 | D        | Found a roughly hewn altar of Beogh.
    50 | D        | Found an ancient bone altar of Kikubaaqudgha.
    50 | D        | Found a hide-covered altar of Uskayaw.
    50 | D        | Found a shattered altar of Ashenzari.
    54 | D        | Became a worshipper of Warmaster Okawaru
   137 | D        | Reached skill level 4 in Unarmed Combat
   177 | D        | Noticed a warg
   182 | D        | Reached XP level 2. HP: 16/16 MP: 3/5
   183 | D        | Slain by a warg

Levels and vault maps discovered:
D:        pitsprint [storerooms_1, entrance_room_1, metal_vault_3, armoury_2,
          mini_pit_1, grid_room_1, main_hall_1, silver_pit, the_coven_1,
          the_vestibule_1, steel_vault_1, golden_pit, hallway_of_sentries,
          crystal_vault_5, iron_vault_2, final_vault]

Skill      XL: |  1 |
---------------+----+-----
Unarmed Combat | 4 |  4.1
Fighting       | |  1.1
Dodging        | |  1.9
Spellcasting   | |  2.4
Transmutations | |  1.9

Action                   || total
-------------------------++-------
Melee: Unarmed           ||    26
       Kick              ||     3
 Cast: Beastly Appendage ||     4
Armor: Robe              ||     7
Dodge: Dodged            ||    24

Table legend:
 A = Non-vault XP
 B = Vault XP
 C = Vault XP percentage of total XP
 D = Non-vault monster count
 E = Vault monster count
 F = Vault count percentage of total count
                 A         B        C        D         E       F
            +---------+---------+-------+---------+---------+-------
      Total |       0 |      10 | 100.0 |       0 |       6 | 100.0
            +---------+---------+-------+---------+---------+-------
          D |       0 |      10 | 100.0 |       0 |       6 | 100.0
            +---------+---------+-------+---------+---------+-------
